 Dungeon Crawl Stone Soup version 0.24-a0-284-g9fb9971df1 (webtiles) character file.

Game seed: 12159681870308853661

6 HAL9000 the Sneak (level 1, -1/9 HPs)
             Began as a Vine Stalker Enchanter on May 4, 2019.
             Slain by a jackal (2 damage)
             ... on level 1 of the Dungeon.
             The game lasted 00:00:15 (162 turns).

HAL9000 the Sneak (Vine Stalker Enchanter)           Turns: 162, Time: 00:00:16

Health: -1/9       AC:  2    Str: 10    XL:     1   Next: 90%
Magic:  0/4        EV: 12    Int: 15    God:
Gold:   0          SH:  0    Dex: 14    Spells: 3/4 levels left

rFire    . . .     SeeInvis .   a - +1 dagger
rCold    . . .     Gourm    .   (no shield)
rNeg     . . .     Faith    .   b - +0 robe
rPois    .         Spirit   +   (no helmet)
rElec    .         Reflect  .   (no cloak)
rCorr    .         Harm     .   (no gloves)
MR       .....                  (no boots)
Stlth    ++........             (no amulet)
HPRegen  0.03/turn              (no ring)
MPRegen  0.09/turn              (no ring)

@: no status effects
A: fangs 2, magic shield, antimagic bite, no potion heal 3, rot immunity
a: no special abilities


You were on level 1 of the Dungeon.
You were not hungry.

You visited 1 branch of the dungeon, and saw 1 of its levels.

Inventory:

Hand Weapons
 a - a +1 dagger (weapon)
Armour
 b - a +0 robe (worn)
Potions
 c - a potion of might {unknown}
Comestibles
 d - a ration
 f - 2 chunks of flesh


   Skills:
 + Level 1.0 Short Blades
 - Level 1.5 Dodging
 - Level 3.6 Stealth
 - Level 2.1 Spellcasting
 + Level 3.3 Hexes


You had 3 spell levels left.
You knew the following spells:

 Your Spells              Type           Power        Failure   Level  Hunger
a - Corona                Hex            ##.....      5%          1    #......

Your spell library contained the following spells:

 Spells                   Type           Power        Failure   Level  Hunger
 Confuse                  Hex            ##......     16%         3    ###....
 Tukima's Dance           Hex            ##......     16%         3    ###....
 Ensorcelled Hibernation  Hex/Ice        #.....       17%         2    ###....
 Dazzling Spray           Conj/Hex       #.....       32%         3    ###....


Dungeon Overview and Level Annotations

Branches:
Dungeon (1/15)

Altars:


Innate Abilities, Weirdness & Mutations

You have extremely sharp teeth.
When hurt, damage is shared between your health and your magic reserves.
Your bite disrupts and absorbs the magic of your enemies.
Potions cannot restore your health.
You are immune to rotting.


Message History

The jackal misses you.
Unknown command.
You hit the jackal. Your bite misses the jackal.
The jackal is almost dead.
The jackal barely misses you. The jackal bites you.
You hit the jackal.
You kill the jackal!
You closely miss the jackal. The jackal barely misses you.
The jackal closely misses you.
Unknown command.
Casting: Corona (safe; 5% risk of failure)
Confirm with . or Enter, or press ? or * to list all spells.
Aiming: Corona (safe; 5% risk of failure)
Press: ? - help, Shift-Dir - straight line, f - jackal
Aim: a jackal (chance to defeat MR: 64%)
The jackal is outlined in light.
The jackal closely misses you.
You hit the jackal but do no damage. The jackal barely misses you.
The jackal bites you.
You barely miss the jackal. The jackal bites you.
You die...

#.##.......#.#....
#.#......# #.#.#..
#.#.....# #.#.##.
#.#..... #.#⌠...
#.#.h#######.#####
#...........<.....
#.#..#######.#####
#h#..... . #.#⌠...
#@#.....##.#.#.##.
#.#......#.#.#.#..
#.##.......#.#....
#######.# #.............
.......)# #............
#######.##########.#####
........................
##############...#.##...
##..#.# .##


You could see a jackal.

Vanquished Creatures
  A goblin (D:1)
  3 jackals (D:1)
  A bat (D:1)
5 creatures vanquished.

Notes
Turn   | Place    | Note
-------+----------+-------------------------------------------
     0 | D:1      | HAL9000 the Vine Stalker Enchanter began the quest for the
                  | Orb.
     0 | D:1      | Reached XP level 1. HP: 9/9 MP: 4/4
   155 | D:1      | Reached skill level 1 in Short Blades
   162 | D:1      | Slain by a jackal

Levels and vault maps discovered:
D:1:      matt_arrival_grand_opening, layout_basic, minmay_misc_feat_chi,
          minmay_misc_feat_room, minivault_14, minmay_misc_feat_pillars

Skill      XL: |  1 |
---------------+----+-----
Short Blades   | 1 |  1.0
Dodging        | |  1.5
Stealth        | |  3.6
Spellcasting   | |  2.1
Hexes          | |  3.3

Action                   || total
-------------------------++-------
Melee: Dagger            ||    19
       Bite              ||     2
 Cast: Corona            ||     3
Dodge: Dodged            ||    15

Table legend:
 A = Non-vault XP
 B = Vault XP
 C = Vault XP percentage of total XP
 D = Non-vault monster count
 E = Vault monster count
 F = Vault count percentage of total count
                 A         B        C        D         E       F
            +---------+---------+-------+---------+---------+-------
      Total |       9 |       0 |   0.0 |       5 |       0 |   0.0
            +---------+---------+-------+---------+---------+-------
        D:1 |       9 |       0 |   0.0 |       5 |       0 |   0.0
            +---------+---------+-------+---------+---------+-------
